 Dungeon Crawl Stone Soup version 0.22-a0-358-g7563fe7 (webtiles) character file.

471 Amnesiac the Conjurer (level 6, -4/40 HPs)
             Began as a Deep Elf Conjurer on Apr 18, 2018.
             Slain by a gnoll (9 damage)
             ... on level 4 of the Dungeon.
             The game lasted 00:02:30 (1236 turns).

Amnesiac the Conjurer (Deep Elf Conjurer)           Turns: 1236, Time: 00:02:30

Health: -4/40      AC:  2    Str:  5    XL:     6   Next: 83%
Magic:  2/12       EV: 14    Int: 22    God:
Gold:   40         SH:  0    Dex: 15    Spells: 4/11 levels left

rFire    . . .     SeeInvis .   (no weapon)
rCold    . . .     Gourm    .   (no shield)
rNeg     . . .     Faith    .   a - +0 robe
rPois    .         Spirit   .   (no helmet)
rElec    .         Reflect  .   (no cloak)
rCorr    .         Harm     .   (no gloves)
MR       .....                  (no boots)
Stlth    ++........             (no amulet)
HPRegen  0.13/turn              (no ring)
MPRegen  0.13/turn              (no ring)

@: no status effects
A: no striking features
a: no special abilities


You were on level 4 of the Dungeon.
You were not hungry.

You visited 1 branch of the dungeon, and saw 4 of its levels.

You collected 40 gold pieces.

Inventory:

Armour
 a - a +0 robe (worn)
Scrolls
 f - a scroll of enchant weapon {!r, unknown}
 g - a scroll of identify {!r, unknown}
Potions
 b - a potion of might {!q, unknown}
 e - 2 potions of lignification {!q, unknown}
 h - a potion of heal wounds {!q, unknown}
Comestibles
 c - 5 rations
 d - 3 chunks of flesh


   Skills:
 + Level 4.9 Fighting
 - Level 4.0 Dodging
 - Level 2.4 Stealth
 - Level 3.0 Spellcasting
 - Level 5.2 Conjurations


You had 4 spell levels left.
You knew the following spells:

 Your Spells              Type           Power        Failure   Level  Hunger
a - Magic Dart            Conj           ####         1%          1    None
d - Iskenderun's Mystic   Conj           ####....     14%         4    ####...
e - Searing Ray           Conj           ####..       2%          2    ##.....


Dungeon Overview and Level Annotations

Branches:
Dungeon (4/15)
 Temple: D:4-7

Altars:


Message History

Casting: Searing Ray (safe; 2% risk of failure)
Confirm with . or Enter, or press ? or * to list all spells.
Aiming: Searing Ray (safe; 2% risk of failure)
Press: ? - help, Shift-Dir - straight line, f - Amnesiac's ghost
Aim: Amnesiac's ghost, wielding a weapon of flaming (hasn't noticed you)
The searing ray hits Amnesiac's ghost.
Amnesiac's ghost is lightly damaged. (Press . to maintain the ray.)
The gnoll shouts!
A gnoll shaman comes into view. It is wielding a club.
The searing ray misses Amnesiac's ghost.
A quokka and a gnoll come into view.
The searing ray hits Amnesiac's ghost.
Amnesiac's ghost is moderately damaged. 2 gnolls come into view.
The searing ray hits Amnesiac's ghost.
Amnesiac's ghost is severely damaged.
You finish channeling your searing ray.
The gnoll shaman shouts!
The gnoll shouts!
Amnesiac's ghost gestures at you while chanting.
The magic dart hits you!
An orc comes into view. It is wielding a short sword.
Casting: Searing Ray (safe; 2% risk of failure)
Confirm with . or Enter, or press ? or * to list all spells.
Aiming: Searing Ray (safe; 2% risk of failure)
Press: ? - help, Shift-Dir - straight line, f/p - Amnesiac's ghost
Aim: Amnesiac's ghost, wielding a weapon of flaming (severely damaged)
The searing ray hits Amnesiac's ghost.
Amnesiac's ghost is severely damaged. (Press . to maintain the ray.)
The gnoll shouts!
The orc shouts!
The searing ray misses Amnesiac's ghost.
Amnesiac's ghost hits you. Amnesiac's ghost burns you.
An orc comes into view. It is wielding a dagger.
The searing ray misses Amnesiac's ghost.
The orc shouts!
Amnesiac's ghost points at you and mumbles some strange words.
The magic dart hits you!
* * * LOW HITPOINT WARNING * * *
The gnoll closely misses you.
The searing ray hits Amnesiac's ghost.
You destroy Amnesiac's ghost!
Training target 4.0 for Fighting reached!
Your Fighting skill increases to level 4!
You need to enable at least one skill for training.
You have reached level 6!
Your experience leads to an increase in your attributes!
Increase (S)trength, (I)ntelligence, or (D)exterity?
You feel clever.
You finish channeling your searing ray.
The gnoll shaman calls upon its god to speed up the gnoll.
The gnoll seems to speed up.
The gnoll barely misses you. The quokka closely misses you.
You see here an iguana skeleton.
The quokka misses you.
The gnoll hits you from afar with a halberd.
* * * LOW HITPOINT WARNING * * *
The quokka closely misses you.
There is a stone staircase leading up here.
You see here a scorpion corpse.
The gnoll hits you from afar with a halberd!
* * * LOW HITPOINT WARNING * * *
The gnoll hits you!
You die...

#.......# #.......##
.... #........##.....
#.........#....
#.......#.....
#.......#...#
#.......##.#
#...@r.....##
#....gggo...#########
####.###............#
#.##..go..........
#.##...#g........#
.......##..........
.......##.........#
.......####o........
......### ##........


You could see a gnoll shaman, 4 gnolls, 2 orcs and a quokka.

Vanquished Creatures
  The ghost of Amnesiac the Skirmisher, a novice DECj of Ru (D:4)
  The ghost of VDreamerV the Changer, an amateur OpTm (D:3)
  A scorpion (D:4)
  An iguana (D:4)
  A worker ant (D:4)
  3 adders
  2 worms (D:3)
  An orc (D:3)
  2 bat skeletons (D:3)
  A hobgoblin (D:3)
  A jackal (D:2)
  3 kobolds
  2 quokkas
  A jackal skeleton (D:4)
  3 rats
24 creatures vanquished.

Notes
Turn   | Place    | Note
-------+----------+-------------------------------------------
     0 | D:1      | Amnesiac the Deep Elf Conjurer began the quest for the Orb.
     0 | D:1      | Reached XP level 1. HP: 10/10 MP: 6/6
    34 | D:1      | You fall through a shaft!
   267 | D:4      | Noticed an iguana
   272 | D:3      | Reached skill level 1 in Fighting
   272 | D:3      | Reached XP level 2. HP: 16/16 MP: 5/8
   301 | D:3      | Learned a level 2 spell: Searing Ray
   549 | D:3      | Reached XP level 3. HP: 21/21 MP: 6/9
   657 | D:3      | Noticed VDreamerV's ghost (amateur OpTm)
   668 | D:3      | Killed VDreamerV's ghost
   668 | D:3      | Reached skill level 5 in Conjurations
   668 | D:3      | Reached XP level 4. HP: 19/27 MP: 1/10
   691 | D:3      | Learned a level 4 spell: Iskenderun's Mystic Blast
   817 | D:4      | Noticed Amnesiac's ghost (novice DECj)
   820 | D:4      | HP: 1/27 [Amnesiac's ghost/magic dart (9)]
  1036 | D:4      | Reached XP level 5. HP: 25/32 MP: 6/11
  1224 | D:4      | Killed Amnesiac's ghost
  1224 | D:4      | Reached XP level 6. HP: 19/40 MP: 1/12
  1236 | D:4      | Slain by a gnoll

Vault maps used:
D:1:      minmay_arrival_hallway, minmay_heptomino_l4
D:2:      first_ration, grunt_ministairs_1
D:3:      kennysheep_vampire_church
D:4:      grunt_decor_clamped, grunt_ministairs_14

Skill      XL: |  1  2  3  4  5 |
---------------+----------------+-----
Fighting       | 1 2 4 |  4.9
Conjurations   | 5 |  5.2
Dodging        | 3 4 |  4.0
Stealth        | |  2.4
Spellcasting   | |  3.0

Action                   |  1- 3 |  4- 6 || total
-------------------------+-------+-------++-------
 Cast: Magic Dart        |    13 |    12 ||    25
       Searing Ray       |     5 |     9 ||    14
  Eat: Chunk             |       |     1 ||     1
Armor: Robe              |     2 |     3 ||     5
Dodge: Dodged            |     6 |     7 ||    13

Table legend:
 A = Spawn XP
 B = Non-spawn XP
 C = Spawn XP percentage of total XP
 D = Spawn monster count
 E = Non-spawn monster count
 F = Spawn count percentage of total count
 G = Total turns spent on level
                    A         B        C        D         E        F      G
               +---------+---------+-------+---------+---------+-------+---------
         Total |       0 |     674 |   0.0 |       0 |      24 |   0.0 |  1236
               +---------+---------+-------+---------+---------+-------+---------
           D:1 |       0 |       2 |   0.0 |       0 |       1 |   0.0 |    36
           D:2 |       0 |       8 |   0.0 |       0 |       5 |   0.0 |   172
           D:3 |       0 |     153 |   0.0 |       0 |      12 |   0.0 |   813
           D:4 |       0 |     511 |   0.0 |       0 |       6 |   0.0 |   215
               +---------+---------+-------+---------+---------+-------+---------
